 Dungeon Crawl Stone Soup version 0.16-a0-2179-gb75b79b (webtiles) character file.

5035 wvc the Basher (level 10, -6/70 HPs)
             Began as a Mummy Fighter on Nov 14, 2014.
             Was a Believer of Okawaru.
             Splashed by a jelly's acid (10 damage)
             ... on level 9 of the Dungeon.
             The game lasted 00:23:20 (12717 turns).

wvc the Basher (Mummy Fighter)                     Turns: 12717, Time: 00:23:21

Health: -6/70      AC: -7    Str: 20    XL:     10   Next: 30%
Magic:  11/11      EV:  6    Int:  7    God:    Okawaru [**....]
Gold:   461        SH: 11    Dex: 13    Spells: 1 memorised, 7 levels left

rFire  . . .     SeeInvis +     a - +3 mace of Dim Light {venom, rF+ SInv}
rCold  + . .     Clarity  .     b - +0 scale mail
rNeg   + + +     SustAb   .     c - +2 shield
rPois  +         Gourm    .     (no helmet)
rElec  .         Spirit   .     (no cloak)
rCorr  .         Warding  .     (no gloves)
rMut   +         Stasis   .     f - +0 pair of boots
MR     +....                    j - amulet of resist mutation
Stlth  ..........               q - ring of wizardry
                                w - ring of see invisible

@: corroded equipment, somewhat resistant to hostile enchantments, extremely
unstealthy
A: no food or potions, fire vulnerability, restore body, cold resistance 1,
negative energy resistance 3, poison resistance, torment resistance, unbreathing
a: Heroism, Renounce Religion


You were on level 9 of the Dungeon.
You worshipped Okawaru.
Okawaru was pleased with you.
You were not hungry.

You visited 2 branches of the dungeon, and saw 10 of its levels.

You collected 461 gold pieces.

Inventory:

Hand weapons
 a - the +3 mace of Dim Light (weapon) {venom, rF+ SInv}
   (You found it on level 5 of the Dungeon)

   It poisons the flesh of those it strikes.
   It protects you from fire.
   It enhances your eyesight.
 i - a +0 blowgun
 l - a +0 morningstar
Missiles
 h - 31 poisoned needles
 v - 5 javelins (quivered)
Armour
 b - a +0 scale mail (worn)
 c - a +2 shield (worn)
 f - a +0 pair of boots (worn)
Jewellery
 j - an amulet of resist mutation (around neck)
 m - an uncursed ring of ice
 n - a cursed ring of teleportation
 q - a ring of wizardry (right hand)
 s - a cursed amulet of stasis
 w - a ring of see invisible (left hand)
Magical devices
 o - a wand of frost (14)
 p - a wand of flame (32)
Scrolls
 d - a scroll of enchant armour
 e - 2 scrolls of identify
 g - 2 scrolls of blinking
 k - 3 scrolls of amnesia
 t - a scroll of recharging
Books
 r - a book of Burglary

   Spells                             Type                      Level
   *Swiftness                         Charms/Air                   2
   Passwall                           Transmutation/Earth          3
   Passage of Golubria                Translocation                4
   Lee's Rapid Deconstruction         Earth                        5
   Invisibility                       Hexes                        6
   Darkness                           Hexes                        7
 u - a book of Wizardry

   Spells                             Type                      Level
   Agony                              Necromancy                   5
   Force Lance                        Conjuration                  5
   Dispersal                          Translocation                6
   Haste                              Charms                       6
   Invisibility                       Hexes                        6
   Spellforged Servitor               Conjuration/Summoning        7


   Skills:
 - Level 3.0 Fighting
 * Level 12.3 Maces & Flails
 - Level 2.4 Armour
 - Level 2.0 Dodging
 - Level 2.4 Shields
 + Level 0.8 Invocations


You had 7 spell levels left.
You knew the following spells:

 Your Spells              Type           Power        Failure   Level  Hunger
a - Swiftness             Chrm/Air       #.......     100%        2    N/A

Dungeon Overview and Level Annotations

Branches:
Dungeon (9/15)             Temple (1/1) D:6
   Lair: D:8-11         Orc: D:9-12

Altars:
Ashenzari
Cheibriados
Dithmenos
Elyvilon
Fedhas
Gozag
Kikubaaqudgha
Makhleb
Nemelex Xobeh
Okawaru
Qazlal
Ru
Sif Muna
Trog
Vehumet
Xom
Yredelemnul
The Shining One

Shops:
D:6 %

Annotations:
D:6 exclusion: door


Innate Abilities, Weirdness & Mutations

You do not eat or drink.
Your flesh is vulnerable to fire.
Your flesh is cold resistant.
You are immune to negative energy.
Your system is resistant to poisons.
You are immune to unholy pain and torment.
You can survive without breathing.


Message History

Evoke which item? (* to show all) (? for menu, Esc to quit)
Zapping:
p - a wand of flame (34)
Press: ? - help, Shift-Dir - straight line, f - jelly
Aim: a jelly (heavily wounded)
The puff of flame hits the jelly.
The jelly is heavily wounded.
This wand has 33 charges left.
The jelly hits you.
* * * LOW HITPOINT WARNING * * *
You are splashed with acid!
The acid burns!
* * * LOW HITPOINT WARNING * * *
Evoke which item? (* to show all) (? for menu, Esc to quit)
Zapping:
p - a wand of flame (33)
Press: ? - help, Shift-Dir - straight line, f/p - jelly
Aim: a jelly (heavily wounded)
The puff of flame hits the jelly.
The jelly is severely wounded.
This wand has 32 charges left.
The jelly hits you.
* * * LOW HITPOINT WARNING * * *
You are splashed with acid!
The acid burns!
You die...

............#
....#########..# .....
#..###### ......
#........ .......
#.[...... .......
#........ .......
#........
#.......#########........
#.......@J...............
#..#####.................
#..# #....>............
#..+ #..(.........#####
#..# #.#####......# #..#
#.# ###....# #..# #.#
#....# #..#####.#
#....### ######........#
#......#


You could see a jelly.

Vanquished Creatures
  Psyche (D:8)
  Grinder (D:4)
  Grum (D:8)
  A hippogriff (D:6)
  A hungry ghost (D:9)
  Edmund (D:5)
  The ghost of ConnectionFaild the Shooter, an average GrHu (D:5)
  2 wolves (D:8)
  An orc warrior (D:7)
  2 black bears (D:8)
  A sky beast (D:8)
  A phantom (D:6)
  2 centaurs
  4 ogres
  3 elf zombies (D:7)
  2 gnoll sergeants (D:8)
  2 giant frogs
  10 killer bees
  2 scorpions
  A troll skeleton (D:7)
  2 wights (D:7)
  A goliath beetle (D:8)
  A centaur skeleton (D:5)
  3 centaur zombies
  3 hounds
  3 crimson imps
  A giant frog zombie (D:7)
  3 orc priests
  A giant frog skeleton (D:8)
  2 iguanas
  4 worker ants
  6 orc wizards
  5 human zombies (D:7)
  Natasha (thrice) (D:5)
  A killer bee zombie (D:6)
  Jessica (D:3)
  A hound zombie (D:8)
  A hound skeleton (D:7)
  A mummy (D:7)
  2 worker ant zombies (D:5)
  15 gnolls
  20 adders
  A shadow imp (D:6)
  3 giant mites
  4 worms
  7 giant geckos
  An ooze (D:7)
  36 orcs
  2 ball pythons
  7 giant cockroaches
  7 goblins
  23 hobgoblins
  13 jackals
  4 quokkas
  10 bats
  8 giant newts
  A giant spore (D:9)
  16 kobolds
  A quokka skeleton (D:4)
  10 rats
274 creatures vanquished.

Notes
Turn   | Place    | Note
--------------------------------------------------------------
     0 | D:1      | wvc, the Mummy Fighter, began the quest for the Orb.
     0 | D:1      | Reached XP level 1. HP: 18/18 MP: 1/1
   355 | D:1      | Reached XP level 2. HP: 22/24 MP: 2/2
   496 | D:1      | Reached skill level 1 in Dodging
  1112 | D:2      | Reached XP level 3. HP: 13/29 MP: 3/3
  1584 | D:2      | Reached XP level 4. HP: 27/35 MP: 4/4
  2485 | D:2      | Reached XP level 5. HP: 24/41 MP: 5/5
  2622 | D:3      | Noticed Jessica
  2633 | D:3      | Killed Jessica
  2747 | D:3      | Reached skill level 4 in Maces & Flails
  3313 | D:2      | Reached XP level 6. HP: 27/47 MP: 6/6
  3527 | D:3      | Reached skill level 5 in Maces & Flails
  4865 | D:4      | Noticed Grinder
  4867 | D:4      | Paralysed by Grinder for 3 turns
  4884 | D:4      | Paralysed by Grinder for 7 turns
  4899 | D:4      | Paralysed by Grinder for 4 turns
  4917 | D:4      | Paralysed by Grinder for 3 turns
  5138 | D:4      | Killed Grinder
  5138 | D:4      | Reached skill level 6 in Maces & Flails
  5138 | D:4      | Reached XP level 7. HP: 52/52 MP: 7/7
  5762 | D:4      | Reached skill level 7 in Maces & Flails
  5859 | D:4      | Found a snail-covered altar of Cheibriados.
  5859 | D:4      | Found an opulent altar of Gozag.
  5887 | D:5      | Entered Level 5 of the Dungeon
  5955 | D:5      | Noticed ConnectionFaild's ghost (average GrHu)
  5975 | D:5      | Killed ConnectionFaild's ghost
  6106 | D:5      | Noticed Natasha
  6112 | D:5      | Killed Natasha
  6116 | D:5      | Got a bloodstained mace
  6137 | D:5      | Noticed Natasha
  6142 | D:5      | Killed Natasha
  6158 | D:4      | Identified the +3 mace of Dim Light {venom, rF+ SInv} (You found it on level 5 of the Dungeon)
  6209 | D:5      | Noticed Edmund
  6249 | D:5      | Killed Edmund
  6249 | D:5      | Reached XP level 8. HP: 32/58 MP: 8/8
  6371 | D:5      | Noticed Natasha
  6529 | D:5      | Killed Natasha
  6677 | D:5      | Reached skill level 8 in Maces & Flails
  7620 | D:6      | Found a deep blue altar of Sif Muna.
  7644 | D:6      | Found a staircase to the Ecumenical Temple.
  8051 | D:6      | Found Kluxahu's Food Boutique.
  8059 | D:6      | Reached skill level 9 in Maces & Flails
  8354 | D:7      | Learned a level 2 spell: Swiftness
  8469 | Temple   | Entered the Ecumenical Temple
  8477 | Temple   | Became a worshipper of Warmaster Okawaru
  8785 | D:7      | Found a blossoming altar of Fedhas.
  8792 | D:7      | Reached XP level 9. HP: 52/63 MP: 9/9
  8987 | D:7      | Reached skill level 10 in Maces & Flails
  9658 | D:7      | Found a burning altar of Makhleb.
  9658 | D:7      | Noticed a balrug
  9662 | D:7      | Noticed a smoke demon
  9969 | D:7      | Acquired Okawaru's first power
 10231 | D:7      | Found a basalt altar of Yredelemnul.
 10812 | D:8      | Reached skill level 11 in Maces & Flails
 10889 | D:8      | Noticed Grum
 11328 | D:8      | Reached XP level 10. HP: 54/70 MP: 10/10
 11757 | D:8      | Noticed Psyche
 11768 | D:8      | Killed Psyche
 11768 | D:8      | Reached skill level 12 in Maces & Flails
 11833 | D:8      | Killed Grum
 12717 | D:9      | Splashed by a jelly's acid

Action                   |  1- 3 |  4- 6 |  7- 9 | 10-12 || total
-------------------------+-------+-------+-------+-------++-------
Melee: Flail             |   150 |   318 |       |       ||   468
       Morningstar       |       |    33 |   298 |       ||   331
       Mace              |       |       |   386 |   129 ||   515
 Fire: Blowgun           |       |     3 |       |       ||     3
Invok: Heroism           |       |       |     1 |     2 ||     3
Evoke: Wand              |       |       |       |     3 ||     3
  Use: Scroll            |     3 |     5 |    15 |     2 ||    25
